 Dungeon Crawl Stone Soup version 0.29-a0-398-ge13fd1374b (webtiles) character file.

Game seed: 3894680699799314024

102 zeratav the Digger (level 4, -6/27 HPs)
             Began as an Octopode Earth Elementalist on May 12, 2022.
             Was a Believer of Elyvilon.
             Killed by divine providence
             ... invoked by an orc priest
              (10 damage)
             ... on level 3 of the Dungeon.
             The game lasted 00:02:14 (1444 turns).

zeratav the Digger (Octopode Earth Elementalist)    Turns: 1444, Time: 00:02:14

Health: -6/27      AC:  5    Str: 13    XL:     4   Next: 77%
Magic:  8/8        EV: 13    Int: 19    God:    Elyvilon [**....]
Gold:   128        SH:  0    Dex: 12    Spells: 8/9 levels left

rFire   . . .      SeeInvis .   c - +0 falchion {long}
rCold   . . .      Faith    .   (no shield)
rNeg    . . .      Spirit   .   (helmet restricted)
rPois   .          Reflect  .   (no amulet)
rElec   .          Harm     .   g - +4 ring of protection
rCorr   .          Rampage  .   i - +6 ring of strength
Will    .....                   (no ring)
Stlth   +++.......              (no ring)
HPRegen 0.09/turn               (no ring)
MPRegen 0.11/turn               (no ring)
                                (no ring)
                                (no ring)

@: no status effects
A: almost no armour, amphibious, 8 rings, camouflage 1, gelatinous body 1,
(nimble swimmer 1), tentacles
a: Renounce Religion, Purification, Heal Other


You were on level 3 of the Dungeon.
You worshipped Elyvilon.
Elyvilon was pleased with you.
You visited 1 branch of the dungeon, and saw 3 of its levels.

You collected 128 gold pieces.


Innate Abilities, Weirdness & Mutations

You cannot wear most types of armour.
You are amphibious.
You can wear up to eight rings at the same time.
Your skin changes colour to match your surroundings (Stealth+).
Your rubbery body absorbs attacks. (AC +1, EV +1)
((You are camouflaged when in or above water. (Stealth+)))
You have tentacles for arms and can constrict up to eight enemies at once.


   Skills:
 - Level 2.0 Dodging
 - Level 2.6 Stealth
 + Level 3.0 Spellcasting
 - Level 1.0 Transmutations
 * Level 4.7 Earth Magic


You had 8 spell levels left.
You knew the following spells:

 Your Spells              Type           Power      Damage    Failure   Level
a - Sandblast             Erth           40%        2d10      2%          1

Your spell library contained the following spells:

 Spells                   Type           Power      Damage    Failure   Level
 Passwall                 Tmut/Erth      10%        N/A       7%          2
 Stone Arrow              Conj/Erth      22%        3d8       17%         3
 Petrify                  Tmut/Erth      13%        N/A       43%         4

Inventory:

Hand Weapons
 c - a +0 falchion (weapon) {long}
   (You found it on level 1 of the Dungeon)
Missiles
 a - 106 stones {throwing}
Jewellery
 g - a +4 ring of protection (left tentacle)
   (You found it on level 1 of the Dungeon)
 i - a +6 ring of strength (right tentacle)
   (You found it on level 2 of the Dungeon)
Scrolls
 e - 8 scrolls of identify {unknown}
 f - a scroll of amnesia {unknown}
 j - a scroll of noise {unknown}
 k - a scroll of enchant armour {unknown}
 m - a scroll of vulnerability {unknown}
 o - a scroll of magic mapping {unknown}
Potions
 b - a potion of magic
 d - 2 potions of haste {unknown}
 h - a potion of berserk rage {unknown}
 l - a potion of ambrosia {unknown}
 n - a potion of curing {unknown}

Dungeon Overview and Level Annotations

Branches:
Dungeon (3/15)

Altars:
Elyvilon

#.###.###.#
#.# #.###.#
#+# #...#.#
###.#.# ##.#.#
##.####....###
.............+
######...####
##@## #bo.#
#.### #. . ##


You could see an orc priest and a bat.


Message History

No target in view!
No target in view!
No target in view!
No target in view!
No target in view!
No target in view!
No target in view!
No target in view!
No target in view!
n - a viscous grey potion
o - a scroll labelled ISOMMO HUNI
d - 2 emerald potions (gained 1)
You open the door.
There is an open door here.
You see here a rat corpse.
e - 8 scrolls labelled HYTWEZXIXZER (gained 1)
An orc comes into view. It is wielding a +0 club.
You see here 15 gold pieces.
An orc is nearby!
Unknown command.
You now have 128 gold pieces (gained 15).
The orc shouts!
You hear a shout! x2
An orc wizard comes into view. It is wielding a +0 dagger.
You hear a shout!
The orc wizard casts a spell.
The orc wizard flickers and vanishes!
Deactivating autopickup; reactivate with Ctrl-A.
You hit the orc. You grab the orc. You constrict the orc. The orc misses you.
You hit the orc but do no damage. You squeeze the orc.
You kill the orc!
An orc comes into view. It is wielding a +0 whip.
A puff of flame appears from out of thin air!
The puff of flame hits you!
Your Spellcasting skill increases to level 3!
You are too injured to fight recklessly!
HP[-8]
You take 8 damage, and now have 19/27 hp.
MASSIVE DAMAGE!! (PAUSE)
You are too injured to fight recklessly!
You are too injured to fight recklessly!
You are too injured to fight recklessly!
You are too injured to fight recklessly!
You are too injured to fight recklessly!
You are too injured to fight recklessly!
You are too injured to fight recklessly!
You are too injured to fight recklessly!
Unknown command.
You closely miss something.
You hear some strange, mumbled words.
You are confused.
HP[+1]
The orc misses you. Something hits you but does no damage.
You bump into the rock wall.
The orc hits you with a +0 whip. Something hits you.
HP[-6]
You take 6 damage, and now have 14/27 hp.
MASSIVE DAMAGE!! (PAUSE)
You closely miss the orc. Your squeeze misses the orc.
The orc barely misses you. Something hits you.
* * * LOW HITPOINT WARNING * * *
HP[-1]
You take 1 damage, and now have 13/27 hp.
You barely miss something. The orc barely misses you. Something hits you.
* * * LOW HITPOINT WARNING * * *
HP[-1]
You take 1 damage, and now have 12/27 hp.
You barely miss the orc. Your squeeze misses the orc.
You feel less confused. The orc hits you but does no damage.
Something hits you.
* * * LOW HITPOINT WARNING * * *
HP[-4]
You take 4 damage, and now have 8/27 hp.
You hit the orc but do no damage. Your grab misses the orc.
You squeeze the orc, but do no damage. The orc misses you.
An orc priest comes into view. It is wielding a +0 flail.
Something hits you but does no damage. The orc misses you.
Something hits you but does no damage.
You hit the orc. Your grab misses the orc. You squeeze the orc.
You kill the orc!
Something hits you but does no damage.
You barely miss the orc priest. You grab the orc priest.
You constrict the orc priest.
A bat comes into view.
The orc priest closely misses you. Something hits you but does no damage.
You hit the orc priest. You constrict the orc priest.
The orc priest hits you with a +0 flail.
* * * LOW HITPOINT WARNING * * *
You hear some strange, mumbled words.
Something tries to affect you, but you resist.
The orc priest hits you with a +0 flail.
* * * LOW HITPOINT WARNING * * *
Something hits you.
* * * LOW HITPOINT WARNING * * *
HP[-4]
You take 4 damage, and now have 4/27 hp.
You hit the orc priest. You squeeze the orc priest.
You constrict the orc priest.
The orc priest invokes the aid of Beogh against you.
Beogh smites you!
You die...

Skill      XL: |  1  2  3  4 |
---------------+-------------+-----
Earth Magic    | 4 |  4.7
Spellcasting   | 3 |  3.0
Dodging        | |  2.0
Stealth        | |  2.6
Transmutations | |  1.0

Action                   |  1- 3 |  4- 6 || total
-------------------------+-------+-------++-------
Melee: Falchion          |    51 |    20 ||    71
       Constrict         |    13 |     3 ||    16
       Tentacles         |    10 |     5 ||    15
       Punch             |     1 |       ||     1
 Cast: Sandblast         |     8 |     3 ||    11
 Stab: Sleeping          |     3 |     1 ||     4
       Distracted        |     1 |       ||     1
Armor: Skin              |    13 |     9 ||    22
Dodge: Dodged            |    46 |    18 ||    64

Levels and vault maps discovered:
D:1:      scummos_arrival_star, layout_rooms, ebering_ecumenical_altar_ruins
D:2:      layout_basic, serial_park_tiny_1, minmay_surrounded
D:3:      layout_loops_corners, serial_glass, glass_columns_b, glass_columns_a,
          glass_columns_a, glass_columns_a

Notes
Turn   | Place    | Note
-------+----------+-------------------------------------------
     0 | D:1      | zeratav the Octopode Earth Elementalist began the quest for
                  | the Orb.
     0 | D:1      | Reached XP level 1. HP: 11/11 MP: 3/3
     0 | D:1      | magus.rc [v1.9.6]
    26 | D:1      | HP: 2/11 [endoplasm (3)]
    29 | D:1      | Reached XP level 2. HP: 4/17 MP: 0/5
   353 | D:1      | Found a faded altar of an unknown god.
   666 | D:1      | Prayed at the altar of an unknown god.
   666 | D:1      | Became a worshipper of Elyvilon the Healer
   666 | D:1      | Reached * piety under Elyvilon
   699 | D:2      | Reached XP level 3. HP: 18/21 MP: 6/6
   927 | D:2      | Reached skill level 4 in Earth Magic
  1039 | D:2      | Reached XP level 4. HP: 27/27 MP: 5/8
  1190 | D:3      | Reached ** piety under Elyvilon
  1430 | D:3      | Reached skill level 3 in Spellcasting
  1443 | D:3      | HP: 5/27 [orc priest/+0 flail (3)]
  1444 | D:3      | Killed from afar by an orc priest

Vanquished Creatures
  2 adders (D:2)
  4 gnolls (D:2)
  A dart slug (D:2)
  2 orcs (D:3)
  7 ball pythons
  3 bats
  4 endoplasms (D:1)
  A giant cockroach (D:1)
  5 goblins
  2 hobgoblins
  2 quokkas
  A frilled lizard (D:1)
  2 kobolds (D:1)
  4 rats
40 creatures vanquished.

Table legend:
 A = Non-vault XP
 B = Vault XP
 C = Vault XP percentage of total XP
 D = Non-vault monster count
 E = Vault monster count
 F = Vault count percentage of total count
                 A         B        C        D         E       F
            +---------+---------+-------+---------+---------+-------
      Total |     135 |      11 |   7.5 |      35 |       5 |  12.5
            +---------+---------+-------+---------+---------+-------
        D:1 |      28 |       0 |   0.0 |      16 |       0 |   0.0
        D:2 |      97 |      11 |  10.2 |      14 |       5 |  26.3
        D:3 |      10 |       0 |   0.0 |       5 |       0 |   0.0
            +---------+---------+-------+---------+---------+-------

Illustrated notes

Table legend:
 A = Kills in this place as a percentage of kills in entire the game.
 B = Kills by you in this place as a percentage of kills by you in the entire game.
 C = Kills by friends in this place as a percentage of kills by friends in the entire game.
 D = Other kills in this place as a percentage of other kills in the entire game.
 E = Experience gained in this place as a percentage of experience gained in the entire game.
 F = Experience gained in this place divided by the number of levels of this place that you have seen.
                   A       B       C       D       E      F
               +-------+-------+-------+-------+-------+----------------------
         Total | 100.0 | 100.0 |   N/A |   N/A | 100.0 |  48.7
       Dungeon | 100.0 | 100.0 |   N/A |   N/A | 100.0 |  48.7
               +-------+-------+-------+-------+-------+----------------------

Table legend: (Time is in decaauts)
 A = Elapsed time spent in this place.
 B = Non-inter-level travel time spent in this place.
 C = Inter-level travel time spent in this place.
 D = Time resting spent in this place.
 E = Time spent auto-exploring this place.
 F = Levels seen in this place.
 G = Mean time per level.
                   A        B        C        D        E       F      G
               +--------+--------+--------+--------+--------+-----+--------+
         Total |   1463 |   1397 |     66 |    251 |    876 |   3 |  487.7 |
       Dungeon |   1463 |   1397 |     66 |    251 |    876 |   3 |  487.7 |
               +--------+--------+--------+--------+--------+-----+--------+

Top non-repeatable levels by time:
     D:1: 685 daAuts
     D:2: 501 daAuts
     D:3: 276 daAuts
